Map: Lost and Found LE

Players

Nerchio

  • Race: Zerg Zerg
  • Spawn Location: 7:00

Scarlett - Winner!

  • Race: Zerg Zerg
  • Spawn Location: 1:00

Event: WCS Montreal 2018

VOD

Have the link to the VOD?

Description

Time

  • Played on: Sept. 7, 2018, 6:07 p.m.
  • Length: 7:34

All games in this series

Show
View Real Time Build Order
Export as new Build Order

Nerchio Zerg 

Build Orders: Hatch First 

Get SALT Encoding   

  12  0:00  Drone  
  13  0:12  Overlord  
  13  0:16  Drone  
  14  0:30  Drone  
  14  0:31  Drone  
  16  0:48  Hatchery  
  15  0:51  Drone  
  15  0:54  Drone  
  17  0:57  Drone  
  18  1:07  Extractor  
  17  1:13  Spawning Pool  
  17  1:16  Drone  
  17  1:20  Drone  
  18  1:28  Drone  
  19  1:39  Overlord  
  19  1:49  Drone  
  20  2:00  Zergling x2, Queen x2  
  20  2:01  Zergling x2  
  26  2:07  Metabolic Boost  
  26  2:11  Drone  
  26  2:14  Drone  
  28  2:22  Drone x2  
  30  2:38  Hatchery  
  30  2:40  Drone  
  30  2:42  Drone  
  31  2:47  Overlord  
  31  2:49  Drone  
  32  2:56  Queen  
  34  3:02  Drone  
  34  3:03  Drone  
  36  3:07  Drone x2  
  36  3:08  Drone  
  36  3:11  Drone  
  36  3:12  Drone  
  41  3:17  Overlord  
  41  3:27  Evolution Chamber  
  39  3:35  Drone x5, Baneling Nest  
  43  3:43  Drone  
  43  3:45  Overlord  
  45  3:48  Zergling x6  
  45  3:53  Zergling x4  
  48  3:58  Zerg Missile Weapons Level 1  
  48  3:59  Roach Warren  
  48  4:02  Zergling x4  
  49  4:06  Zergling x2  
  50  4:13  Zergling x2, Overlord  
  50  4:14  Zergling x6  
  50  4:15  Zergling x2  
  50  4:16  Zergling x2  
  56  4:18  Zergling x2  
  56  4:20  Zergling x2  
  56  4:21  Baneling  
  56  4:24  Overlord  
  58  4:28  Overlord  
  57  4:33  Drone x3  
  57  4:36  Extractor  
  59  4:39  Overlord  
  59  4:43  Drone x3  
  59  4:44  Drone x2  
  64  4:48  Drone  
  65  4:55  Drone x2  
  65  4:59  Drone  
  68  5:05  Drone x3  
  68  5:06  Lair  
  71  5:07  Drone  
  71  5:10  Drone x2  
  71  5:11  Extractor  
  73  5:14  Roach x2  
  73  5:15  Roach  
  73  5:16  Roach  
  73  5:18  Baneling x2  
  73  5:21  Roach  
  83  5:22  Roach  
  85  5:30  Overlord  
  85  5:35  Roach x2  
  86  5:38  Overlord  
  86  5:39  Roach  
  86  5:41  Overlord x5  
  88  5:46  Extractor  
  87  5:51  Roach x5  
  97  5:59  Extractor  
  97  6:01  Drone  
  97  6:02  Drone  
  97  6:04  Roach x2  
  101  6:05  Roach  
  101  6:07  Roach x2  
  101  6:10  Roach  
  108  6:13  Roach  
  108  6:15  Zergling x12  
  108  6:18  Roach  
  118  6:20  Roach  
  120  6:32  Roach  
  122  6:34  Zergling x2  
  122  6:35  Roach  
  122  6:37  Roach  
  119  6:41  Roach  
  119  6:42  Zergling x12, Roach  
  119  6:44  Roach  
  124  6:47  Roach  
  124  6:48  Roach  
  124  6:51  Roach  
  124  6:54  Roach  
  117  6:59  Roach x2  
  104  7:05  Roach  
  93  7:08  Roach  
  93  7:11  Zergling x2, Roach x2  
  93  7:14  Roach  
Show
View Real Time Build Order
Export as new Build Order

Scarlett Zerg - Winner!

Build Orders: Hatch First 

Get SALT Encoding   

  12  0:01  Drone  
  13  0:12  Overlord  
  13  0:16  Drone  
  14  0:30  Drone x2  
  16  0:47  Hatchery  
  15  0:50  Drone  
  15  0:54  Drone  
  17  0:57  Drone  
  18  1:08  Extractor  
  17  1:11  Spawning Pool  
  17  1:15  Drone  
  17  1:18  Drone  
  18  1:27  Drone  
  19  1:38  Drone  
  20  1:49  Drone  
  21  1:56  Evolution Chamber  
  21  1:58  Queen  
  21  1:59  Queen  
  21  2:00  Drone x2  
  26  2:10  Overlord  
  26  2:11  Drone  
  27  2:21  Drone  
  28  2:27  Zerg Ground Armor Level 1  
  28  2:30  Zergling x2  
  28  2:31  Drone  
  28  2:35  Queen  
  32  2:40  Overlord  
  32  2:42  Drone  
  33  2:44  Drone  
  33  2:50  Queen  
  36  3:03  Drone x2, Metabolic Boost  
  39  3:12  Drone  
  39  3:13  Drone x4  
  39  3:15  Overlord  
  43  3:23  Drone  
  44  3:33  Hatchery  
  43  3:37  Drone  
  43  3:38  Zergling x6  
  43  3:39  Zergling x2  
  48  3:42  Overlord  
  48  3:45  Zergling x2  
  49  3:49  Overlord  
  49  3:53  Drone x2  
  49  4:00  Drone, Overlord  
  49  4:02  Extractor  
  49  4:03  Extractor  
  49  4:05  Lair  
  49  4:06  Drone  
  49  4:09  Drone  
  50  4:11  Drone  
  50  4:16  Drone  
  52  4:18  Roach Warren  
  52  4:21  Overlord  
  52  4:22  Drone  
  52  4:27  Zerg Missile Weapons Level 1  
  51  4:31  Zergling x6  
  51  4:36  Drone x2  
  51  4:37  Drone  
  57  4:39  Zergling x2  
  57  4:41  Zergling x2  
  59  4:47  Zergling x6  
  59  4:51  Zergling x2  
  63  4:59  Roach x4  
  71  5:06  Roach x3  
  77  5:11  Glial Reconstitution  
  77  5:14  Roach x2  
  81  5:22  Overlord x2  
  81  5:23  Overlord  
  80  5:37  Roach  
  80  5:41  Roach x4  
  80  5:42  Roach x2  
  94  5:47  Roach x2  
  98  5:53  Overlord  
  98  5:57  Roach  
  98  5:58  Roach x2  
  98  6:02  Roach  
  102  6:11  Roach  
  102  6:12  Zergling x2, Roach x4  
  102  6:14  Zergling x2  
  102  6:18  Zergling x4  
  114  6:25  Overlord x2  
  112  6:35  Zergling x14  
  108  6:48  Zergling x12  
  108  6:52  Zergling x8  
  108  6:53  Zergling x2  
  105  6:57  Zergling x4  
  99  7:04  Zergling x4  
  99  7:07  Zergling x2  
  99  7:08  Zergling x2  
  92  7:12  Zergling x2  
  87  7:21  Ravager  
Tags
 
Add a new tag
Caveats
  • Supply blocks, unpowered buildings, or Contaminate may cause inaccurate times.
  • Supply counts are checked every 10 seconds.